[Event "GrandPrix_30.05"]
[Site "Chess.com"]
[Date "2020.05.30"]
[Round "4"]
[White "abraham1982"]
[Black "grzechu96"]
[Result "0-1"]
[WhiteElo "2164"]
[BlackElo "2412"]
[TimeControl "600+2"]
[EndTime "9:41:45 PDT"]
[Termination "grzechu96 won by resignation"]

1. e4 c5 2. Nf3 d6 3. c3 Nf6 4. h3 Nc6 5. d4 cxd4 6. cxd4 Nxe4 7. d5 Qa5+ 8. Nc3 Nxc3 9. bxc3 Nb8 10. Be2 g6 11.
Qd4 f6 12. O-O Bg7 13. c4 O-O 14. Bb2 Nd7 15. Nd2 Nc5 16. Nb3 Qc7 17. Rfe1 b6 18.
Bg4 Na4 19. Rac1 Nxb2 20. Qxb2 f5 21. Qe2 fxg4 22. hxg4 Ba6 23. Qxe7 Qxe7 24. Rxe7 Rf7 25. Re6 Rd8 26. g3 Rc7 27. Nd2 b5 28. c5 Bc8 29.
Re4 Rxc5 0-1

[Event "GrandPrix_30.05"]
[Site "Chess.com"]
[Date "2020.05.30"]
[Round "4"]
[White "Forking_U"]
[Black "Tokarev_Sergey"]
[Result "1-0"]
[WhiteElo "2109"]
[BlackElo "1981"]
[TimeControl "600+2"]
[EndTime "9:41:46 PDT"]
[Termination "Forking_U won by checkmate"]

1. e4 e6 2. d4 d5 3. Nd2 c5 4.
Ngf3 cxd4 5. exd5 exd5 6. Nxd4 Nc6 7. N2f3 h6 8. Bb5 Bd7 9. O-O Nf6 10. Re1+ Be7 11.
Bxc6 bxc6 12. Ne5 Rc8 13. Qf3 O-O 14. Nxd7 Qxd7 15. Bxh6 gxh6 16. Nf5 Ne4 17. Qg4+ Kh7 18. Qg7# 1-0

[Event "GrandPrix_30.05"]
[Site "Chess.com"]
[Date "2020.05.30"]
[Round "4"]
[White "TimofeevAr"]
[Black "Fandorine"]
[Result "1/2-1/2"]
[WhiteElo "2665"]
[BlackElo "2557"]
[TimeControl "600+2"]
[EndTime "9:42:17 PDT"]
[Termination "Game drawn by agreement"]

1. c4 g6 2. g3 Bg7 3. Bg2 e5 4.
Nc3 Nc6 5. e3 Nge7 6. d3 d6 7.
Nge2 h5 8. h4 Bg4 9. Qd2 Qd7 10.
b3 a5 11. Bb2 O-O 12. Ne4 b6 13. Ng5 Qe8 14. O-O Rd8 15. Nc3 f6 16. Nf3 Qd7 17.
d4 Bh3 18. Rad1 Bxg2 19. Kxg2 Qe8 20. Rfe1 Qf7 21. Qe2 Rfe8 22. dxe5 dxe5 23. Rxd8 Rxd8 24. Rd1 Qe8 1/2-1/2

[Event "GrandPrix_30.05"]
[Site "Chess.com"]
[Date "2020.05.30"]
[Round "4"]
[White "Magicmaster17"]
[Black "eristeski7"]
[Result "1-0"]
[WhiteElo "2382"]
[BlackElo "2154"]
[TimeControl "600+2"]
[EndTime "9:42:22 PDT"]
[Termination "Magicmaster17 won by resignation"]

1. Nf3 Nf6 2. c4 g6 3. Nc3 Bg7 4.
g3 O-O 5. Bg2 d6 6. d4 Nc6 7.
O-O e5 8. dxe5 dxe5 9. Bg5 Be6 10. Qc1 Bxc4 11. Rd1 Qe7 12. Nd2 Be6 13. Bxc6 bxc6 14.
Nde4 Rfd8 15. Qe3 Bf5 16. Qf3 h6 17. Bxf6 Bxf6 18. Nxf6+ Qxf6 19. e4 Rd4 20. exf5 c5 1-0

[Event "GrandPrix_30.05"]
[Site "Chess.com"]
[Date "2020.05.30"]
[Round "4"]
[White "szachuspl"]
[Black "Happy1712Drummer"]
[Result "1-0"]
[WhiteElo "2358"]
[BlackElo "2173"]
[TimeControl "600+2"]
[EndTime "9:42:38 PDT"]
[Termination "szachuspl won by resignation"]

1. d4 e6 2. c4 Nf6 3. Nf3 d5 4. Nc3 c6 5. Bg5 h6 6. Bxf6 Qxf6 7. e3 g6 8. Bd3 Bg7 9. O-O O-O 10. e4 dxc4 11. Bxc4 Qe7 12. e5 b6 13. Re1 Rd8 14.
Qe2 Nd7 15. h4 Nf8 16. h5 gxh5 17. Rad1 Bb7 18. Ne4 c5 19. Nd6 Rxd6 20. exd6 Qxd6 21. dxc5 Qxc5 22. Bd3 Qb4 23. b3 Bc3 24. Rf1 Rc8 25.
Ne5 Rc5 26. Nc4 Rg5 27. Be4 Ba6 28. Rd8 Bf6 29. Rd2 Qc5 30. Rfd1 h4 31. Qf3 Kg7 32. Nd6 Be5 33. Qxf7+ Kh8 34. Qxf8+ 1-0

[Event "GrandPrix_30.05"]
[Site "Chess.com"]
[Date "2020.05.30"]
[Round "4"]
[White "Alex_Molchanov"]
[Black "kotmizer"]
[Result "0-1"]
[WhiteElo "2031"]
[BlackElo "2231"]
[TimeControl "600+2"]
[EndTime "9:42:52 PDT"]
[Termination "kotmizer won by resignation"]

1. c4 c5 2. g3 Nf6 3. Bg2 d5 4.
cxd5 Nxd5 5. Nc3 Nc7 6. Qa4+ Bd7 7. Qb3 Nc6 8. Qxb7 Nb4 9. Qe4 f5 10. Qb1 g6 11. Nf3 Bg7 12. a3 Nc6 13. d3 Rb8 14.
Qc2 Nd4 15. Nxd4 cxd4 16. Nd5 Nxd5 17. Bxd5 Qa5+ 18. b4 Qxd5 19. O-O O-O 20. Qc7 Rb7 21.
Qf4 e5 22. Qh4 Bc6 23. f3 Rbf7 24. Bg5 e4 25. Rac1 exd3 26. exd3 Bb5 27. Rc5 Qb7 28. Qf4 Bxd3 29. Rf2 Bb5 30. h4 d3 31. h5 gxh5 32. Qh4 Qd7 33. Qxh5 Bd4 34. Bh6 Bxf2+ 35. Kxf2 Qd4+ 36. Kg2 d2 37. Qg5+ Kh8 38. Qxd2 Qxd2+ 39. Bxd2 a6 0-1

[Event "GrandPrix_30.05"]
[Site "Chess.com"]
[Date "2020.05.30"]
[Round "4"]
[White "levvard"]
[Black "hubertsmazak"]
[Result "1-0"]
[WhiteElo "2054"]
[BlackElo "2187"]
[TimeControl "600+2"]
[EndTime "9:43:40 PDT"]
[Termination "levvard won by resignation"]

1. e4 c5 2. d4 cxd4 3. c3 Nf6 4. e5 Nd5 5. Bc4 Nb6 6. Bxf7+ Kxf7 7. Nf3 Nc6 8. O-O e6 9. Bg5 Be7 10. Bxe7 Qxe7 11.
cxd4 Rf8 12. Nc3 d5 13. Nb5 Kg8 14. b3 Bd7 15. a4 Be8 16. a5 Nd7 17. Ne1 Bg6 18.
Qd2 Rab8 19. f4 Qb4 20. Qxb4 Nxb4 21. Nxa7 Nd3 22. g3 Nxe1 23. Rfxe1 Bd3 24. Rec1 Ra8 25. Rc7 Rxa7 26. Rxd7 Bb5 27. Re7 Re8 28. Rc7 Kf8 29. b4 Re7 30. Rc8+ Kf7 31. Kg2 Ra6 32. g4 Rc6 33. Rxc6 Bxc6 34. Rc1 Bb5 35. Kf3 Bc4 36. f5 exf5 37. gxf5 g6 38. f6 Re8 39. h4 Ke6 40. Kf4 h6 41. Rc3 Rb8 42. Rg3 Kf7 43.
h5 g5+ 44. Kf5 Re8 45. Rc3 g4 46. b5 Rg8 47. e6+ Kf8 48. a6 1-0

[Event "GrandPrix_30.05"]
[Site "Chess.com"]
[Date "2020.05.30"]
[Round "4"]
[White "Poghosyan_Suren"]
[Black "Sporty207"]
[Result "1-0"]
[WhiteElo "2146"]
[BlackElo "2207"]
[TimeControl "600+2"]
[EndTime "9:43:48 PDT"]
[Termination "Poghosyan_Suren won by resignation"]

1. d4 d5 2. c4 e6 3. Nc3 c6 4.
e4 dxe4 5. Nxe4 Bb4+ 6. Nc3 Nf6 7.
Nf3 O-O 8. a3 Be7 9. Be3 Nbd7 10. Bd3 b6 11. O-O Bb7 12. Re1 c5 13. d5 exd5 14.
cxd5 Qc7 15. Nb5 Qb8 16. d6 Bxf3 17. gxf3 Bd8 18. Bf4 Qb7 19. Be4 Nxe4 20. fxe4 g5 21. Bg3 a6 22. Nc7 Rc8 23. e5 Bxc7 24. dxc7 Rfe8 25. Qxd7 Qxc7 26. e6 Qxd7 27. exd7 Rxe1+ 28. Rxe1 Rd8 29. Re8+ 1-0

[Event "GrandPrix_30.05"]
[Site "Chess.com"]
[Date "2020.05.30"]
[Round "4"]
[White "JonahWillow"]
[Black "bratkoo"]
[Result "0-1"]
[WhiteElo "2218"]
[BlackElo "2200"]
[TimeControl "600+2"]
[EndTime "9:43:57 PDT"]
[Termination "bratkoo won by resignation"]

1. e4 g6 2. d4 Bg7 3. Nc3 d6 4. f4 a6 5. Nf3 Nd7 6. Bd3 b5 7.
Ne2 c5 8. c3 Bb7 9. O-O e6 10.
Bc2 Ne7 11. Be3 Qc7 12. Qd2 Nb6 13. b3 O-O 14. Rac1 Rad8 15. Bb1 f5 16. Ng5 Qc8 17. Rfd1 h6 18. dxc5 dxc5 19. Qxd8 Rxd8 20. Rxd8+ Qxd8 21. Nxe6 Qd6 22. Nxc5 Bxe4 23. Nxe4 fxe4 24. Bxe4 Nbd5 25. Bd2 Nf6 0-1

[Event "GrandPrix_30.05"]
[Site "Chess.com"]
[Date "2020.05.30"]
[Round "4"]
[White "Khvicha_Supatashvili"]
[Black "Gurvich_Vitaly"]
[Result "1-0"]
[WhiteElo "2228"]
[BlackElo "2240"]
[TimeControl "600+2"]
[EndTime "9:44:12 PDT"]
[Termination "Khvicha_Supatashvili won by resignation"]

1. d4 d5 2. c4 dxc4 3. Nf3 Nf6 4. e3 b5 5. a4 b4 6. Bxc4 e6 7. O-O Bb7 8. Qe2 Nbd7 9. Nbd2 a5 10. e4 Be7 11. e5 Nd5 12. Ne4 O-O 13. Rd1 c5 14. dxc5 Nxc5 15. Nxc5 Bxc5 16. Ng5 h6 17. Ne4 Qb6 18.
Qg4 f5 19. exf6 Nxf6 20. Qxe6+ Kh8 21. Nxc5 Qxc5 22. Be3 Qh5 23. Rd4 Rae8 24. Qh3 Qg6 25. Qg3 Qh5 26. Rh4 Qf5 27. h3 Ne4 28. Qc7 Bd5 29.
Rf4 Qe6 30. Bd4 Rg8 31. Re1 Rc8 32. Bxd5 Qxd5 33. Bxg7+ Kh7 34. Qe5 Qxe5 35. Bxe5 Ng5 36. Kf1 Rgf8 37. Rxf8 Rxf8 38. Bc7 Rc8 39. Bxa5 b3 40. Bc3 Kg6 41. a5 1-0

[Event "GrandPrix_30.05"]
[Site "Chess.com"]
[Date "2020.05.30"]
[Round "4"]
[White "Kildepiotr"]
[Black "rusuvlad95"]
[Result "0-1"]
[WhiteElo "1976"]
[BlackElo "2097"]
[TimeControl "600+2"]
[EndTime "9:44:13 PDT"]
[Termination "rusuvlad95 won by resignation"]

1. Nf3 d5 2. g3 h5 3. h4 Nf6 4.
Bg2 c5 5. d3 Nc6 6. Nbd2 e5 7.
e4 Bg4 8. O-O d4 9. a4 Na5 10.
Qe1 Bd6 11. Nc4 Nxc4 12. dxc4 O-O 13. Bg5 Bc7 14. Nh2 Bd7 15. Qe2 g6 16. Bf3 Qe7 17.
g4 Qe6 18. gxh5 gxh5 19. Kh1 Kh8 20. Rg1 Rg8 21. Rg3 Rg7 22. Rag1 Rag8 23. Bxh5 Nxe4 24. R3g2 Nxg5 25. Rxg5 Bc6+ 26. f3 Rxg5 27. Rxg5 Rxg5 28. hxg5 Qf5 29. Qg2 Qh7 30. Qg4 Kg7 31. Kg1 Qxc2 32. g6 fxg6 33. Qg5 Qf5 34. Qe7+ Qf7 35. Qg5 e4 36.
Ng4 Bf4 37. Qxc5 gxh5 38. Qxd4+ Kg6 39. Nf2 exf3 40. Nh3 Bg3 41. Qd3+ Qf5 0-1

[Event "GrandPrix_30.05"]
[Site "Chess.com"]
[Date "2020.05.30"]
[Round "4"]
[White "DariaVoit"]
[Black "KacperKacprzak"]
[Result "1-0"]
[WhiteElo "2337"]
[BlackElo "2078"]
[TimeControl "600+2"]
[EndTime "9:44:42 PDT"]
[Termination "DariaVoit won by resignation"]

1. d4 Nf6 2. Nf3 d6 3. c4 Nbd7 4. Nc3 g6 5. Bg5 Bg7 6. e3 O-O 7. h3 b6 8. Bd3 Bb7 9. O-O e5 10.
d5 Nc5 11. Bc2 a5 12. Ne1 h6 13. Bh4 Bc8 14. a3 g5 15. Bg3 Bd7 16. b4 axb4 17. axb4 Na6 18. Rb1 Qe7 19. Kh1 h5 20. f4 h4 21. fxg5 hxg3 22. gxf6 Bxf6 23. Qh5 Rfd8 24. Ne4 Bg7 25. Ng5 f6 26. Qh7+ Kf8 27. Nef3 e4 28.
Nh4 1-0

[Event "GrandPrix_30.05"]
[Site "Chess.com"]
[Date "2020.05.30"]
[Round "4"]
[White "Sam_ChessMood"]
[Black "LazovT"]
[Result "1-0"]
[WhiteElo "2541"]
[BlackElo "2207"]
[TimeControl "600+2"]
[EndTime "9:44:59 PDT"]
[Termination "Sam_ChessMood won by resignation"]

1. e4 c5 2. Nf3 d6 3. d4 Nf6 4. Nc3 cxd4 5. Nxd4 a6 6. Be3 e5 7. Nb3 Be6 8. f3 Nbd7 9. Qd2 b5 10. O-O-O Nb6 11.
Qf2 Nfd7 12. Kb1 Rc8 13. Nd5 Bxd5 14. exd5 g6 15. h4 Bg7 16. h5 O-O 17. g4 Nc4 18. Bc1 Ndb6 19. hxg6 fxg6 20. Qh2 Na4 21. Qxh7+ Kf7 22.
Bd3 Na3+ 23. bxa3 e4 24. Bh6 Rg8 25. fxe4 Nc3+ 26. Kc1 Nxa2+ 27. Kd2 1-0

[Event "GrandPrix_30.05"]
[Site "Chess.com"]
[Date "2020.05.30"]
[Round "4"]
[White "SoltaniciR"]
[Black "Dolphin_2010"]
[Result "0-1"]
[WhiteElo "2052"]
[BlackElo "2056"]
[TimeControl "600+2"]
[EndTime "9:45:19 PDT"]
[Termination "Dolphin_2010 won by resignation"]

1. e4 c6 2. c4 d5 3. exd5 cxd5 4. cxd5 Nf6 5. Qa4+ Bd7 6. Qb3 Qb6 7. Nc3 g6 8. Nf3 Bg7 9. Bc4 O-O 10. Qxb6 axb6 11.
O-O Na6 12. d4 Rfd8 13. Bf4 Rac8 14. Bb3 Nb4 15. Ne5 Bf5 16. d6 e6 17. a3 Nd3 18.
Nxd3 Bxd3 19. Rfd1 Bf5 20. h3 h5 21. Rac1 Bf8 22.
Be5 Ne8 23. d5 exd5 24. Nxd5 Rxc1 25. Rxc1 Bxd6 26. Bxd6 Rxd6 0-1

[Event "GrandPrix_30.05"]
[Site "Chess.com"]
[Date "2020.05.30"]
[Round "4"]
[White "Mikhail_Golubev"]
[Black "WhiteCapital80"]
[Result "1/2-1/2"]
[WhiteElo "2099"]
[BlackElo "2305"]
[TimeControl "600+2"]
[EndTime "9:45:46 PDT"]
[Termination "Game drawn by agreement"]

1. e4 e6 2. d4 d5 3. Nc3 Nf6 4. Bg5 dxe4 5. Nxe4 Nbd7 6. Nf3 Be7 7.
Nxf6+ Bxf6 8. Qd2 Bxg5 9. Nxg5 h6 10. Nf3 O-O 11. O-O-O b6 12. Bc4 Bb7 13. d5 exd5 14. Bxd5 Bxd5 15. Qxd5 Nc5 16. Qf5 Qe8 17. Rhe1 Qa4 18.
a3 Rae8 19. Rxe8 Rxe8 20. Ne5 f6 21. Nf3 Qc4 1/2-1/2

[Event "GrandPrix_30.05"]
[Site "Chess.com"]
[Date "2020.05.30"]
[Round "4"]
[White "sahidi"]
[Black "temus_galaktionov"]
[Result "0-1"]
[WhiteElo "2225"]
[BlackElo "2588"]
[TimeControl "600+2"]
[EndTime "9:45:50 PDT"]
[Termination "temus_galaktionov won by resignation"]

1. e4 c6 2. d4 g6 3. Nc3 Bg7 4. Be3 d6 5. Qd2 Nd7 6. f4 e5 7. dxe5 dxe5 8. O-O-O Ngf6 9. fxe5 Ng4 10. e6 fxe6 11.
Bg5 Qxg5 12. Qxg5 Bh6 13. Qxh6 Nxh6 14. Nf3 Ng4 15. Rd2 Nde5 16. Nxe5 Nxe5 17. Be2 Ke7 18.
b3 Rf8 19. g3 b6 20. a4 Bb7 21. Rhd1 Rf2 22. Bd3 Raf8 23. Rh1 Rxd2 24. Kxd2 Rf2+ 25.
Be2 c5 26. Ke3 Rg2 27. a5 bxa5 28. Ra1 Nc6 29. Bb5 Rxc2 30. Bxc6 Rxc3+ 31. Kd2 Rxb3 32. Bxb7 Rxb7 33. Rxa5 Kd6 34. Kd3 h5 35. Kc3 Ke5 36. Rxc5+ Kxe4 37. Rg5 Rg7 38. h4 e5 39. Kc4 Kf3 40.
Kd5 e4 41. g4 hxg4 42. h5 e3 43. Rxg6 e2 44. Rf6+ Kg3 0-1

[Event "GrandPrix_30.05"]
[Site "Chess.com"]
[Date "2020.05.30"]
[Round "4"]
[White "Borisss85"]
[Black "Korona_91"]
[Result "1-0"]
[WhiteElo "2154"]
[BlackElo "2028"]
[TimeControl "600+2"]
[EndTime "9:46:09 PDT"]
[Termination "Borisss85 won by resignation"]

1. e4 e6 2. d4 d5 3. Nd2 a6 4. Ngf3 c5 5. exd5 exd5 6. Bd3 c4 7. Be2 Nc6 8. O-O Nf6 9. b3 b5 10. a4 Bf5 11. c3 Bd6 12. Ba3 O-O 13. Bxd6 Qxd6 14.
b4 Rae8 15. axb5 axb5 16. Ra6 Qc7 17. Re1 Be4 18. Nf1 Qb7 19. Ra1 Ne7 20. Ng3 Ng6 21. Qd2 Re7 22. Ra5 Rfe8 23. Rea1 h5 24. Ng5 h4 25.
N3xe4 dxe4 26. Nh3 e3 27. fxe3 Rxe3 28. Bf3 Qd7 29. Nf2 h3 30. Ra8 hxg2 31. Qxe3 Nh4 32. Rxe8+ Nxe8 33. Ra8 Kf8 34. Bg4 f5 35. Bh5 g6 36. Qh6+ Kf7 37. Bd1 Qe7 38. Qh7+ Ng7 39. Qg8+ Kf6 40. Qf8+ Qxf8 41. Rxf8+ 1-0

[Event "GrandPrix_30.05"]
[Site "Chess.com"]
[Date "2020.05.30"]
[Round "4"]
[White "guylevin1"]
[Black "Pash2015"]
[Result "0-1"]
[WhiteElo "2106"]
[BlackElo "2213"]
[TimeControl "600+2"]
[EndTime "9:46:10 PDT"]
[Termination "Pash2015 won by resignation"]

1. c4 c5 2. Nf3 Nf6 3. Nc3 Nc6 4. d4 cxd4 5. Nxd4 e5 6. Ndb5 d6 7. g3 Be7 8. Bg2 O-O 9. O-O a6 10. Na3 Be6 11. Bg5 h6 12. Bxf6 Bxf6 13. Nd5 Rc8 14.
Nxf6+ Qxf6 15. Qxd6 Rfd8 16. Qc5 Nd4 17. Qb6 Nxe2+ 18. Kh1 Nd4 19. f4 exf4 20. Rxf4 Qe5 21. Qxb7 Rb8 22. Qa7 Rxb2 23. Re4 Qd6 24. c5 Qd5 25. Rd1 Qxa2 26. Rexd4 Rxd4 27. Rxd4 Qa1+ 0-1

[Event "GrandPrix_30.05"]
[Site "Chess.com"]
[Date "2020.05.30"]
[Round "4"]
[White "Bosiocic"]
[Black "BogdanBelyakov89"]
[Result "1-0"]
[WhiteElo "2704"]
[BlackElo "2289"]
[TimeControl "600+2"]
[EndTime "9:46:13 PDT"]
[Termination "Bosiocic won by resignation"]

1. d4 Nf6 2. Bg5 c5 3. d5 Qb6 4. Bc1 g6 5. Nc3 Qa5 6. Bd2 b5 7. e4 b4 8. e5 bxc3 9. Bxc3 Qb6 10.
exf6 exf6 11. Qe2+ Be7 12. O-O-O Kf8 13. d6 Bd8 14. h4 h5 15. Rh3 Nc6 16. Re3 Nd4 17.
Bxd4 cxd4 18. Re8+ Kg7 19. Rxh8 Kxh8 20. Qe8+ Kg7 21.
Bc4 Qxd6 22. Qxf7+ Kh6 23. Qg8 Qe7 24. Bf7 1-0

[Event "GrandPrix_30.05"]
[Site "Chess.com"]
[Date "2020.05.30"]
[Round "4"]
[White "rfhfb"]
[Black "Cocolino12"]
[Result "1/2-1/2"]
[WhiteElo "2122"]
[BlackElo "2208"]
[TimeControl "600+2"]
[EndTime "9:46:16 PDT"]
[Termination "Game drawn by agreement"]

1. d4 d5 2. c4 c6 3. Nf3 Nf6 4. e3 Bf5 5. Nc3 e6 6. Nh4 Bg6 7. Be2 Nbd7 8. O-O Bd6 9. g3 O-O 10. Nxg6 hxg6 11. b3 e5 12. cxd5 Nxd5 13. Nxd5 cxd5 14.
dxe5 Bxe5 15. Rb1 Nf6 16. Bb2 Qe7 17. Bxe5 Qxe5 18. Rc1 Rac8 19. Qd3 Qb2 20. Rxc8 Rxc8 21.
Bf3 Rc2 22. Qb5 b6 23. a4 Rc3 24. Bd1 g5 25. Qa6 Rc7 26. Qd3 g6 27. Bf3 Qc3 28. Rd1 Qe5 29. Bxd5 Rd7 30. e4 Nxe4 31. Re1 Qxd5 1/2-1/2

[Event "GrandPrix_30.05"]
[Site "Chess.com"]
[Date "2020.05.30"]
[Round "4"]
[White "IwkooO"]
[Black "SamadovRead"]
[Result "1-0"]
[WhiteElo "2320"]
[BlackElo "1963"]
[TimeControl "600+2"]
[EndTime "9:46:29 PDT"]
[Termination "IwkooO won by resignation"]

1. e4 c5 2. Nf3 d6 3. d4 cxd4 4.
Nxd4 Nf6 5. Nc3 e6 6. Be3 a6 7. f3 b5 8. g4 h6 9. Qd2 Nbd7 10. h4 b4 11. Nce2 Ne5 12. Ng3 d5 13. g5 hxg5 14.
hxg5 Rxh1 15. Nxh1 Nh7 16. f4 Nc4 17. Bxc4 dxc4 18. O-O-O Bc5 19. Qh2 Nf8 20. Nf2 Bb7 21.
Kb1 Qb6 22. Qh8 e5 23. Nf5 Bxe3 24. Nxg7+ Ke7 25. Nf5+ Ke8 26. Qxe5+ Ne6 27. Qh8+ Nf8 28. Ng4 Bd4 29. Rxd4 1-0

[Event "GrandPrix_30.05"]
[Site "Chess.com"]
[Date "2020.05.30"]
[Round "4"]
[White "LANCELOT96"]
[Black "Keks2017"]
[Result "0-1"]
[WhiteElo "2142"]
[BlackElo "2377"]
[TimeControl "600+2"]
[EndTime "9:46:40 PDT"]
[Termination "Keks2017 won by resignation"]

1. d4 d6 2. c4 e5 3. Nf3 Nd7 4. Nc3 Ngf6 5. e4 Be7 6. Be2 O-O 7. O-O c6 8. h3 Qc7 9. Be3 Re8 10. Rc1 Nf8 11.
dxe5 dxe5 12. c5 Ng6 13. Nd2 Nf4 14. Nc4 Nxe2+ 15. Qxe2 Be6 16. Rfd1 Rad8 17. b4 a6 18. a3 h6 19. f3 Nh5 20. Kh2 Nf4 21. Qf1 Rxd1 22.
Rxd1 Rd8 23. Rxd8+ Bxd8 24. Nd6 Bg5 25. Qe1 Qd7 26.
h4 Be7 27. Qd2 Ng6 28. g3 Nf8 29. Na4 b5 30. Nb6 Qd8 31. a4 Bxh4 32. gxh4 Qxh4+ 33. Kg1 Qg3+ 34. Kf1 Qxf3+ 35. Ke1 Bg4 36. axb5 axb5 37.
Nbc8 Qh1+ 38. Kf2 Qh4+ 39. Kf1 Bxc8 40. Nxc8 Qh3+ 41. Qg2 Qxc8 42. Bxh6 Ng6 43. Be3 Qe6 44. Qg5 Qf6+ 45. Ke2 Qxg5 46. Kd3 Qg3 0-1

[Event "GrandPrix_30.05"]
[Site "Chess.com"]
[Date "2020.05.30"]
[Round "4"]
[White "Nikame"]
[Black "esskeettit"]
[Result "1-0"]
[WhiteElo "2256"]
[BlackElo "2111"]
[TimeControl "600+2"]
[EndTime "9:46:56 PDT"]
[Termination "Nikame won by resignation"]

1. d4 Nf6 2. Bg5 e6 3. Nd2 h6 4. Bh4 d5 5. e3 Be7 6. Bd3 c5 7.
c3 Nc6 8. Ngf3 b6 9. Bb5 Bd7 10. O-O O-O 11. Qe2 Ne4 12. Bxe7 Qxe7 13. Nxe4 dxe4 14. Nd2 f5 15. a4 Rac8 16. dxc5 Qxc5 17. Nc4 e5 18. Rad1 Be6 19. Rd6 Nd8 20. b3 Kh7 21.
Rfd1 Bxc4 22. Bxc4 Nf7 23. Rd7 Rc7 24. Qh5 Rxd7 25. Rxd7 Ng5 26. h4 Qc8 27. Rd6 f4 28.
hxg5 fxe3 29. Rxh6+ 1-0

[Event "GrandPrix_30.05"]
[Site "Chess.com"]
[Date "2020.05.30"]
[Round "4"]
[White "BashirliN"]
[Black "vpantev"]
[Result "0-1"]
[WhiteElo "2185"]
[BlackElo "2598"]
[TimeControl "600+2"]
[EndTime "9:47:05 PDT"]
[Termination "vpantev won by resignation"]

1. e4 c6 2. Nc3 d5 3. d4 dxe4 4.
Nxe4 Nf6 5. Nxf6+ exf6 6. c3 Bd6 7. Bd3 O-O 8. Qc2 Re8+ 9. Ne2 Kh8 10. O-O Qc7 11.
h3 Nd7 12. c4 Nf8 13. Re1 Be6 14. Be3 Ng6 15. Rad1 Kg8 16. d5 cxd5 17. cxd5 Qxc2 18. Bxc2 Bd7 19. Nc3 f5 20. Bd3 a6 21. Bd4 Kf8 22.
Rxe8+ Rxe8 23. a3 Ne5 24. Bf1 Rc8 25. f4 Nc4 26. Bxc4 Rxc4 27. g3 Rxd4 28. Rxd4 Bc5 29.
Ne2 Bb5 30. Kh2 Bxe2 31. Rd2 Bb5 32. Rc2 Bd6 33. Rc8+ Ke7 34. b3 Bd7 0-1

[Event "GrandPrix_30.05"]
[Site "Chess.com"]
[Date "2020.05.30"]
[Round "4"]
[White "DaVinci81"]
[Black "LiamVrolijk"]
[Result "1-0"]
[WhiteElo "2557"]
[BlackElo "2385"]
[TimeControl "600+2"]
[EndTime "9:47:13 PDT"]
[Termination "DaVinci81 won by resignation"]

1. Nf3 d5 2. d4 c5 3. c4 e6 4. cxd5 exd5 5. Bg5 Nf6 6. Nc3 Be6 7. e3 c4 8. Be2 Bb4 9. O-O O-O 10. Ne5 Bxc3 11. bxc3 Qa5 12. Bxf6 gxf6 13. Ng4 Nd7 14. Qc2 Kg7 15.
f3 Bxg4 16. fxg4 Rae8 17. Rf3 Re4 18. Bxc4 Rc8 19. Bd3 Rxc3 20. Qe2 Re7 21. Raf1 Qa3 22. Rd1 Re6 23. Rh3 Nf8 24. Qf1 Ng6 25. Bxg6 hxg6 26. Qf4 g5 27. Qb8 1-0

[Event "GrandPrix_30.05"]
[Site "Chess.com"]
[Date "2020.05.30"]
[Round "4"]
[White "DanielDardha2005"]
[Black "cukus"]
[Result "0-1"]
[WhiteElo "2319"]
[BlackElo "2212"]
[TimeControl "600+2"]
[EndTime "9:47:15 PDT"]
[Termination "cukus won by resignation"]

1. e4 c6 2. d3 d5 3. Nd2 g6 4. Ngf3 Bg7 5. g3 e5 6. Bg2 Ne7 7. O-O O-O 8. c3 a5 9. b3 h6 10.
Bb2 Be6 11. a3 Nd7 12. b4 axb4 13. axb4 Rxa1 14. Qxa1 f5 15. Re1 dxe4 16. dxe4 f4 17. c4 Qc7 18. h4 Kh7 19. Kh2 Ng8 20. Bh3 Bxh3 21. Kxh3 fxg3 22. fxg3 Ngf6 23. Bxe5 Nxe5 24. Qxe5 Qd7+ 25. Kg2 Nd5 26. exd5 Bxe5 27. Nxe5 Qc7 28. dxc6 bxc6 29. Ne4 Qa7 30. Rd1 Qe3 31. Rd7+ Kg8 32.
Ng4 Qxe4+ 33. Kh3 Qh1+ 34. Nh2 Rf2 0-1

[Event "GrandPrix_30.05"]
[Site "Chess.com"]
[Date "2020.05.30"]
[Round "4"]
[White "StephenDedalus83"]
[Black "VojtechPlat"]
[Result "0-1"]
[WhiteElo "2109"]
[BlackElo "2260"]
[TimeControl "600+2"]
[EndTime "9:47:53 PDT"]
[Termination "VojtechPlat won by checkmate"]

1. e4 d6 2. d4 Nf6 3. Nc3 e5 4. Nf3 Nbd7 5. Bc4 Be7 6. O-O O-O 7. Re1 c6 8. a4 a5 9. b3 Qc7 10. h3 Nb6 11. Bd3 Re8 12. Bb2 Bf8 13. Ne2 Nbd7 14.
Ng3 g6 15. c4 exd4 16. Nxd4 Bg7 17. Qd2 Nc5 18. Bc2 Be6 19. Rad1 Rad8 20. Bc3 b6 21. Qc1 Bc8 22. Qb2 Ncd7 23. f4 Bb7 24. Bb1 h5 25.
Nf3 b5 26. axb5 cxb5 27. cxb5 Qc5+ 28. Kh2 Ng4+ 29. hxg4 Bxc3 30. Qe2 hxg4 31. Ng5 Kg7 32. Nf1 Rh8+ 33. Kg3 Nf6 34. Rc1 Bc8 35. Qe3 Bxe1+ 36.
Rxe1 Nh5+ 37. Kf2 Nxf4 38. Qxc5 dxc5 39. e5 Rh5 40. Ne4 Rxe5 41. Ne3 f5 42. Nc3 Rd2+ 43.
Kg3 g5 44. b6 Rxe3+ 45. Rxe3 Rxg2# 0-1

[Event "GrandPrix_30.05"]
[Site "Chess.com"]
[Date "2020.05.30"]
[Round "4"]
[White "madamDD"]
[Black "Msb2"]
[Result "0-1"]
[WhiteElo "2424"]
[BlackElo "2662"]
[TimeControl "600+2"]
[EndTime "9:47:54 PDT"]
[Termination "Msb2 won by resignation"]

1. e4 e6 2. d4 d5 3. Nd2 c5 4. exd5 Qxd5 5. Ngf3 cxd4 6. Bc4 Qd7 7. O-O Nc6 8. Nb3 a6 9. Nbxd4 Nxd4 10. Nxd4 Qc7 11.
Bb3 Bd6 12. Qh5 Nf6 13. Qh4 Bd7 14. Bg5 O-O-O 15. Rad1 h6 16. Bxf6 gxf6 17. Rd3 Kb8 18.
Rc3 Qa5 19. Qxf6 Qg5 20. Qxf7 Rhf8 21. Nxe6 Qe5 22. f4 Bc5+ 23. Nxc5 Qd4+ 24. Rf2 Qd1+ 25. Rf1 Qd4+ 26. Rf2 Rxf7 27. Bxf7 Bb5 28. Nd3 Rf8 29.
Bh5 Qe3 30. h3 Rxf4 31. Nxf4 Qe1+ 32. Kh2 Qxf2 33. Bf3 Qd4 34. a3 Qxf4+ 0-1

[Event "GrandPrix_30.05"]
[Site "Chess.com"]
[Date "2020.05.30"]
[Round "4"]
[White "AlexVanGog"]
[Black "SavelievAlexei"]
[Result "1-0"]
[WhiteElo "2494"]
[BlackElo "2203"]
[TimeControl "600+2"]
[EndTime "9:47:57 PDT"]
[Termination "AlexVanGog won by resignation"]

1. d4 Nf6 2. c4 e6 3. Nc3 Bb4 4. e3 O-O 5. Ne2 d5 6. a3 Bd6 7. c5 Be7 8. Nf4 b6 9. b4 a5 10. Rb1 c6 11. Bd3 Ba6 12. O-O Qc8 13. Qe2 Bxd3 14.
Nxd3 Nbd7 15. Bd2 Qc7 16. Rfc1 axb4 17. axb4 bxc5 18. dxc5 Rfb8 19. e4 e5 20. Bg5 d4 21.
Nd1 h6 22. Bxf6 Bxf6 23. N1b2 Ra2 24. Rc2 Rba8 25. Nc4 Ra1 26. Qd1 Rxb1 27. Qxb1 Qa7 28. g3 Qa6 29. Kg2 Rb8 30. Qa2 Qb5 31. Qa5 Kf8 32.
Qxb5 cxb5 33. Na5 Ke8 34. f4 g5 35. fxe5 Bg7 36. Nc6 Rb7 37. Nxd4 Nxe5 38. Nxe5 Bxe5 39. c6 Rb8 40. c7 Rc8 41. Nxb5 Kd7 42. Kf3 Ra8 43. Kg4 1-0

[Event "GrandPrix_30.05"]
[Site "Chess.com"]
[Date "2020.05.30"]
[Round "4"]
[White "Jan1401"]
[Black "Hrant_ChessMood"]
[Result "0-1"]
[WhiteElo "2303"]
[BlackElo "2784"]
[TimeControl "600+2"]
[EndTime "9:47:58 PDT"]
[Termination "Hrant_ChessMood won by checkmate"]

1. e4 c6 2. Nf3 d5 3. d3 g6 4. e5 Bg7 5. d4 c5 6. dxc5 Nc6 7.
Nc3 e6 8. Bf4 Nge7 9. Bb5 O-O 10. a3 b6 11. cxb6 Qxb6 12. O-O Ba6 13. a4 Rfd8 14.
Bxa6 Qxa6 15. Nb5 Qb7 16. b3 h6 17. h4 Nf5 18. g4 Nxh4 19. Nxh4 g5 20. Bg3 gxh4 21. Bxh4 Nxe5 22. Bxd8 Rxd8 23. f4 Nc6 24. Rc1 a6 25. Na3 Bb2 26. Nb1 Qb6+ 27. Kg2 Qe3 28. Nd2 Bxc1 29. Qxc1 Nd4 30. c3 Ne2 31.
Qe1 Nxf4+ 32. Kh2 Qh3+ 33. Kg1 Qg2# 0-1